 Dungeon Crawl Stone Soup version 0.28-a0-1159-g27aa881441 (webtiles) character file.

Game seed: 11763974788776615266

132 fragbeetle the Grasshopper (level 4, -5/37 HPs)
             Began as a Palentonga Warper on Dec 15, 2021.
             Killed by divine providence
             ... invoked by an orc priest
              (13 damage)
             ... on level 4 of the Dungeon.
             The game lasted 00:11:18 (3605 turns).

fragbeetle the Grasshopper (Palentonga Warper)      Turns: 3605, Time: 00:11:19

Health: -5/37      AC:  7    Str: 16    XL:     4   Next: 92%
Magic:  1/7        EV:  9    Int: 14    God:
Gold:   64         SH:  0    Dex:  9    Spells: 2/7 levels left

rFire   . . .      SeeInvis +   a - +0 falchion
rCold   . . .      Faith    .   (no shield)
rNeg    . . .      Spirit   .   b - +0 leather armour
rPois   .          Reflect  .   (no helmet)
rElec   .          Harm     .   n - +2 cloak
rCorr   .          Rampage  .   (no gloves)
Will    .....                   (no barding)
Stlth   +.........              (no amulet)
HPRegen 0.12/turn               (no ring)
MPRegen 0.10/turn               (no ring)

@: no status effects
A: large, rugged brown scales 3, see invisible, deformed body, roll 1, armoured
tail
a: Rolling Charge


You were on level 4 of the Dungeon.
You visited 1 branch of the dungeon, and saw 4 of its levels.

You collected 64 gold pieces.

Inventory:

Hand Weapons
 a - a +0 falchion (weapon)
 u - a +2 dagger of flaming
Missiles
 d - 5 boomerangs of dispersal (quivered)
 p - 139 stones
Armour
 b - a +0 leather armour (worn)
 n - a +2 cloak (worn)
Jewellery
 o - a ring of positive energy
Wands
 v - a wand of flame (12)
Scrolls
 c - 3 scrolls of blinking
 e - 2 scrolls of summoning {unknown}
 f - 2 scrolls of amnesia {unknown}
 g - 2 scrolls of vulnerability {unknown}
 h - 6 scrolls of identify {unknown}
 i - 2 scrolls of enchant armour {unknown}
 j - a scroll of enchant weapon {unknown}
 l - a scroll of torment {unknown}
 r - a scroll of magic mapping {unknown}
Potions
 k - a potion of magic {unknown}
 m - 2 potions of flight {unknown}
 q - 2 potions of curing {unknown}
 s - a potion of brilliance {unknown}
 t - a potion of resistance {unknown}
 w - 2 potions of mutation {unknown}


   Skills:
 + Level 3.1 Fighting
 * Level 3.2 Long Blades
 - Level 0.6 Throwing
 + Level 1.7 Armour
 + Level 1.9 Dodging
 + Level 0.3 Stealth
 * Level 2.2 Spellcasting
 * Level 3.2 Translocations


You had 2 spell levels left.
You knew the following spells:

 Your Spells              Type           Power      Damage    Failure   Level
a - Blink                 Tloc           20%        N/A       12%         2
b - Gell's Gravitas       Tloc           10%        N/A       22%         3

Your spell library contained the following spells:

 Spells                   Type           Power      Damage    Failure   Level
 Lesser Beckoning         Tloc           10%        N/A       22%         3
 Teleport Other           Tloc           10%        N/A       22%         3
 Manifold Assault         Tloc           10%        N/A       91%         5


Dungeon Overview and Level Annotations

Branches:
Dungeon (4/15)
 Temple: D:4-7

Altars:
Uskayaw


Innate Abilities, Weirdness & Mutations

You are completely covered in rugged brown scales. (AC +3, +7% HP)
You have supernaturally acute eyesight. (SInv)
Armour fits poorly on your strangely shaped body.
You can roll at nearby foes to attack.
You have a long armoured tail.


Message History

There is a stone staircase leading down here.
You climb downwards.
There is a stone staircase leading up here.
Okay, then.
There's nothing you can charge at!
Roll where?
Press: ? - help, Dir - move target, f - orc warrior
Aim: an orc warrior, wielding a +0 glaive and wearing a +0 chain mail You roll forward with a clatter of scales!
You closely miss the orc warrior.
Casting: Blink (safe; 12% risk of failure)
Confirm with . or Enter, or press ? or * to list all spells.
The spell is quite dangerous to miscast (22% risk of failure)!
Continue anyway?
Aiming: Gell's Gravitas (quite dangerous; 22% risk of failure)
Press: ? - help, Dir - move target, p - orc warrior Gravity reorients around empty space.
The orc priest collides with the orc warrior!
The orc priest is lightly wounded.
The orc collides with the orc warrior!
The orc is moderately wounded.
The orc warrior hits you from afar with a +0 glaive!
The orc priest hits you with a +0 whip.
Unknown command.
Casting: Gell's Gravitas (quite dangerous; 22% risk of failure)
Confirm with . or Enter, or press ? or * to list all spells.
The spell is quite dangerous to miscast (22% risk of failure)!
Continue anyway?
Aiming: Gell's Gravitas (quite dangerous; 22% risk of failure)
Press: ? - help, Dir - move target, f - orc warrior
Aim: an orc warrior, wielding a +0 glaive and wearing a +0 chain mail Gravity reorients around the orc warrior.
The orc priest collides with the orc warrior!
The orc priest is heavily wounded.
The orc collides with the orc warrior!
The orc is severely wounded.
The orc warrior hits you from afar with a +0 glaive!
The orc priest hits you with a +0 whip.
* * * LOW HITPOINT WARNING * * *
The orc priest calls down the wrath of Beogh upon you.
Beogh smites you!
You die...

# #..# #S# ## #..# #.# .# ######
#..# #.# .## ##....### #..###
#.## #.###
#.......###....####..#
##..###..####..........##..#####
##......# ##<...####.....o...##
##....## ##...# ##...##....#
###..# ##@.## #..######.. ####
######.o## ##..#####..
###...###o.###..........
#......###oo.#.o..###...
#..###..###)..##### ###.
#..####..#....# . ##.(#
##.<.o.## . ##.####....## .
##..##...## .


You could see an orc warrior, an orc priest and 2 orcs.

Vanquished Creatures
  4 adders
  An adder skeleton (D:3)
  5 worms
  5 dart slugs
  3 orcs (D:3)
  10 ball pythons
  3 bats
  3 giant cockroaches
  9 goblins
  5 hobgoblins
  3 jackals (D:1)
  3 quokkas
  3 frilled lizards
  6 kobolds
  5 rats
68 creatures vanquished.

Notes
Turn   | Place    | Note
-------+----------+-------------------------------------------
     0 | D:1      | fragbeetle the Palentonga Warper began the quest for the
                  | Orb.
     0 | D:1      | Reached XP level 1. HP: 17/17 MP: 3/3
   488 | D:1      | Reached XP level 2. HP: 23/23 MP: 5/5
   492 | D:1      | Learned a level 2 spell: Blink
  1077 | D:1      | Reached skill level 1 in Armour
  1302 | D:2      | Reached XP level 3. HP: 28/29 MP: 6/6
  2127 | D:2      | Learned a level 3 spell: Gell's Gravitas
  2173 | D:2      | Reached XP level 4. HP: 12/36 MP: 7/7
  2710 | D:3      | Found a faded altar of an unknown god.
  2774 | D:3      | Found a hide-covered altar of Uskayaw.
  2793 | D:3      | Noticed a +0 hand axe
  2794 | D:3      | Noticed a +0 dagger
  3437 | D:4      | Noticed an orc warrior
  3605 | D:4      | Killed from afar by an orc priest

Illustrated notes

Levels and vault maps discovered:
D:1:      saegor_arrival_simple_c, layout_basic, minmay_pentomino_r2
D:2:      layout_rooms, minmay_misc_feat_roman, hangedman_decor_riveting
D:3:      layout_rooms, dancing_weapons_uskayaw,
          hellmonk_ecumenical_altar_crossroads, minmay_snake_closets
D:4:      cheibrodos_barr_body, layout_layer_cave, temple_fountains

Skill      XL: |  1  2  3  4 |
---------------+-------------+-----
Armour         | 1 |  1.7
Fighting       | 3 |  3.1
Long Blades    | 3 |  3.2
Throwing       | |  0.6
Dodging        | |  1.9
Stealth        | |  0.3
Spellcasting   | |  2.2
Translocations | |  3.2

Action                   |  1- 3 |  4- 6 || total
-------------------------+-------+-------++-------
Melee: Falchion          |   140 |    87 ||   227
       Tailslap          |    13 |     9 ||    22
 Cast: Gell's Gravitas   |       |     2 ||     2
       Blink             |       |     1 ||     1
 Abil: Rolling Charge    |     1 |     1 ||     2
Armor: Leather armour    |    53 |    30 ||    83
Dodge: Dodged            |    75 |    38 ||   113

Table legend: (Time is in decaauts)
 A = Elapsed time spent in this place.
 B = Non-inter-level travel time spent in this place.
 C = Inter-level travel time spent in this place.
 D = Time resting spent in this place.
 E = Time spent auto-exploring this place.
 F = Levels seen in this place.
 G = Mean time per level.
                   A        B        C        D        E       F      G
               +--------+--------+--------+--------+--------+-----+--------+
         Total |   3646 |   3634 |     12 |   1150 |   1048 |   4 |  911.5 |
       Dungeon |   3646 |   3634 |     12 |   1150 |   1048 |   4 |  911.5 |
               +--------+--------+--------+--------+--------+-----+--------+

Top non-repeatable levels by time:
     D:2: 1408 daAuts
     D:1: 1297 daAuts
     D:3: 748 daAuts
     D:4: 191 daAuts
